 Dungeon Crawl Stone Soup version 0.20.0-1-g1cb1d84 (webtiles) character file.

49938 mike2R the Geomancer (level 14, -3/84 HPs)
             Began as a Gargoyle Earth Elementalist on May 25, 2017.
             Was a High Priest of Vehumet.
             Slain by a polar bear (19 damage)
             ... on level 6 of the Lair of Beasts on May 26, 2017.
             The game lasted 03:34:07 (27125 turns).

mike2R the Geomancer (Gargoyle Earth Elementalist) Turns: 27125, Time: 03:34:17

Health: -3/84      AC: 21    Str: 12    XL:     14   Next: 53%
Magic:  22/22      EV: 17    Int: 21    God:    Vehumet [*****.]
Gold:   490        SH:  7    Dex: 16    Spells: 2/24 levels left

rFire    + . .     SeeInvis .   z - +3 mace of the Queen {crush, rF+ Dex+4 Stlth+}
rCold    . . .     Gourm    .   x - +2 buckler
rNeg     + . .     Faith    .   X - +2 robe {MR+}
rPois    ∞         Spirit   .   O - +2 hat
rElec    +         Reflect  .   w - +1 cloak
rCorr    .         Harm     +   M - +0 pair of gloves
MR       ++...                  W - +0 pair of boots
Stlth    ++++......             N - amulet of harm
Regen    0.3/turn               s - ring of stealth
MPRegen  0.2/turn               Q - +1 ring of evasion

@: no status effects
A: big wings, agile 1, blurry vision 1, negative energy resistance 1,
electricity resistance, unbreathing, petrification resistance, rot immunity, AC
+9
a: Fly, Renounce Religion


You were on level 6 of the Lair of Beasts.
You worshipped Vehumet.
Vehumet was extremely pleased with you.
You were not hungry.

You visited 3 branches of the dungeon, and saw 17 of its levels.
You also visited: Sewer, Ossuary and Ice Cave.

You collected 1030 gold pieces.
You spent 540 gold pieces at shops.

Inventory:

Hand Weapons
 z - the +3 mace of the Queen (weapon) {crush, rF+ Dex+4 Stlth+}
   (You found it on level 1 of the Lair of Beasts)

   It inflicts extra damage upon your enemies.
   It affects your dexterity (+4).
   It protects you from fire.
   It makes you more stealthy.
Missiles
 f - 9 stones
 C - 15 tomahawks (quivered)
Armour
 w - a +1 cloak (worn)
 x - a +2 buckler (worn)
 A - a +1 robe of cold resistance
 M - a +0 pair of gloves (worn)
 O - a +2 hat (worn)
 W - a +0 pair of boots (worn)
 X - a +2 robe of magic resistance (worn)
Magical Staves
 q - an uncursed staff of conjuration
 U - an uncursed staff of energy
Jewellery
 s - a ring of stealth (left hand)
 N - an amulet of harm (around neck)
 Q - a +1 ring of evasion (right hand)
Wands
 j - a wand of lightning (5/15)
 t - a wand of polymorph (8/24)
 u - a wand of scattershot (7/9)
 L - a wand of digging (5/24)
Scrolls
 a - a scroll of brand weapon
 k - a scroll of amnesia
 l - 2 scrolls of teleportation
 r - 3 scrolls of fog
 v - 3 scrolls of blinking
 y - 2 scrolls of immolation
 E - 4 scrolls of magic mapping
 I - a scroll of fear
 S - 10 scrolls of remove curse
Potions
 c - 2 potions of magic
 g - a potion of ambrosia
 h - 7 potions of curing
 i - 2 potions of haste
 n - a potion of mutation
 p - 4 potions of flight
 D - 2 potions of brilliance
 J - a potion of agility
 P - a potion of lignification
Comestibles
 b - 3 chunks of flesh
 d - 8 bread rations
 o - 7 meat rations
 F - 16 fruits
 G - 4 royal jellies


   Skills:
 - Level 8.5 Fighting
   Level 6.2 Long Blades
 - Level 12.4 Maces & Flails
 - Level 9.2 Armour
 - Level 6.0 Dodging
 - Level 2.1 Stealth
 - Level 5.0 Shields
 - Level 5.7 Spellcasting
 + Level 6.4 Conjurations
 - Level 0.7 Transmutations
 - Level 5.7 Fire Magic
 - Level 13.0 Earth Magic
 - Level 2.7 Evocations


You had 2 spell levels left.
You knew the following spells:

 Your Spells              Type           Power        Failure   Level  Hunger
a - Sandblast             Erth           ######       1%          1    None
b - Stone Arrow           Conj/Erth      #####.       1%          3    ##.....
c - Lee's Rapid Deconstr  Erth           ######....   1%          5    #####..
d - Conjure Flame         Conj/Fire      ####....     1%          3    ##.....
e - Inner Flame           Hex/Fire       ###.....     2%          3    ##.....
f - Passwall              Tmut/Erth      ####......   1%          2    None
g - Bolt of Magma         Conj/Fire/Erth #####.....   2%          5    #####..


Dungeon Overview and Level Annotations

Branches:
Dungeon (10/15)            Temple (1/1) D:5            Lair (6/6) D:9
  Swamp (0/4) Lair:2       Spider (0/4) Lair:2        Slime (0/5) Lair:5
    Orc: D:9-12

Altars:
Ashenzari
Cheibriados
Dithmenos
Elyvilon
Fedhas
Gozag
Hepliaklqana
Kikubaaqudgha
Makhleb
Nemelex Xobeh
Okawaru
Qazlal
Ru
Sif Muna
Trog
Uskayaw
Vehumet
Xom
Yredelemnul
Zin
The Shining One
Jiyva

Shops:
D:5 :*%**

Annotations:
D:3 1 runed door
D:10 FakerFangirl's ghost, journeyman DrFi
Lair:1 exclusion: oklob plant
Lair:2 exclusion: oklob plant


Innate Abilities, Weirdness & Mutations

You are resistant to torment.
Your stone body is resilient. (AC +9)
You are immune to poison.
Your large and strong wings let you fly indefinitely.
You resist negative energy. (rN+)
You are resistant to electric shocks. (rElec)
You can survive without breathing.
You are immune to petrification.
You are immune to rotting.
You are agile. (Dex +2)
Scrolls take you a little longer to read.


Message History

You hit the polar bear but do no damage.
The polar bear is severely wounded.
The polar bear bites you!! The polar bear closely misses you.
The polar bear misses you.
You hit the polar bear.
The polar bear is almost dead.
The polar bear closely misses you. You block the polar bear's attack.
The polar bear claws you.
You are too injured to fight recklessly!
You are too injured to fight recklessly!
You are too injured to fight recklessly!
You are too injured to fight recklessly!
You are too injured to fight recklessly!
You hit the polar bear.
The polar bear is almost dead.
The polar bear bites you!!
* * * LOW HITPOINT WARNING * * *
The polar bear claws you but does no damage.
You block the polar bear's attack. The polar bear bites you!
You die...

## ###### #######
.######....##### ###..##P###
............#PP#####.........##
............#.....#...........#
............##..............###
...........P................##
............................P#
§§...............h...........#
..§........#....@#.#.........##
§§§........#....#.............#
..........................##P##
......[.............#.(....###
.######...#.........#.....## ##
#..[#..........P....# .#
####................# ##
#................# #
##...............##


You could see a polar bear (berserk).

Vanquished Creatures
  Gastronok (D:8)
  Nessos (Lair:4)
  5 hydras
  The ghost of Inarius the Tainter, a journeyman DrVM of Sif Muna (Lair:1)
  4 death yaks
  Erica (D:8)
  An unseen horror (D:10)
  A lindwurm (Lair:5)
  2 ugly things
  The ghost of Iflex the Spear-Bearer, a novice MfGl (D:6)
  2 black mambas
  7 elephants
  A torpor snail (Lair:6)
  15 spiny frogs
  4 komodo dragons
  8 rime drakes
  3 trolls (D:9)
  Grinder (D:3)
  3 hornets (Lair:6)
  4 polar bears
  5 blink frogs
  7 hippogriffs
  8 dream sheep
  12 spriggans (Lair:6)
  3 hogs (D:8)
  A wyvern (Lair:4)
  A human (D:8)
  30 yaks
  A steam dragon (D:8)
  2 hungry ghosts (D:7)
  Grum (D:8)
  A basilisk (Lair:6)
  2 vampire mosquitoes (D:10)
  18 water moccasins
  11 porcupines
  4 black bears
  6 orc warriors
  3 sky beasts
  12 ice beasts
  27 wolves
  A phantom (D:9)
  A necrophage (D:8)
  3 boggarts (Lair:6)
  6 ogres
  3 centaurs
  15 crocodiles
  2 big kobolds
  An elf zombie (Ossuary)
  12 bullfrogs
  A gnoll sergeant (D:8)
  A wyvern zombie (D:9)
  A water moccasin zombie (D:8)
  4 scorpions
  5 killer bees (D:9)
  5 wights (D:9)
  2 howler monkeys
  7 crimson imps
  2 bullfrog zombies
  3 hounds
  A quasit (D:5)
  A jelly (D:9)
  A centaur zombie (D:5)
  13 orc wizards
  5 centaur skeletons
  2 human zombies (Ossuary)
  5 orc priests
  3 bullfrog skeletons
  Crazy Yiuf (D:3)
  4 iguanas
  Terence (D:3)
  7 hell rats (Lair:2)
  6 worker ants
  Natasha (twice) (D:3)
  A big kobold zombie (Ossuary)
  3 hound zombies
  5 mummies
  2 worker ant zombies
  7 gnolls (D:8)
  6 adders
  14 river rats (Lair:2)
  2 shadow imps (D:10)
  An adder zombie (D:6)
  2 adder skeletons
  3 worms (D:3)
  2 dart slugs (D:1)
  7 leopard geckos
  61 orcs
  4 giant cockroaches
  A gnoll zombie (Ossuary)
  4 goblins
  16 hobgoblins
  7 jackals
  18 kobolds
  13 quokkas
  2 ball pythons
  15 bats
  5 frilled lizards
  2 hobgoblin zombies (Ossuary)
  A jackal zombie (D:9)
  2 kobold zombies (Ossuary)
  2 orc zombies (Ossuary)
  2 quokka skeletons
  31 rats
  A bush (D:3)
  A fungus (Lair:6)
591 creatures vanquished.

Vanquished Creatures (others)
  A bush (Lair:6)
  23 fungi
  13 plants
37 creatures vanquished.

Grand Total: 628 creatures vanquished

Notes
Turn   | Place    | Note
-------+----------+-------------------------------------------
     0 | D:1      | mike2R the Gargoyle Earth Elementalist began the quest for the Orb.
     0 | D:1      | Reached XP level 1. HP: 10/10 MP: 3/3
     9 | D:1      | Noticed a wyvern
     9 | D:1      | Noticed a black mamba
     9 | D:1      | Noticed a hog
     9 | D:1      | Noticed a lindwurm
   101 | D:1      | Reached skill level 4 in Earth Magic
   247 | D:1      | Reached XP level 2. HP: 9/15 MP: 3/5
   967 | D:1      | Reached XP level 3. HP: 9/19 MP: 3/6
  1130 | D:1      | Learned a level 3 spell: Stone Arrow
  1489 | D:1      | Reached skill level 5 in Earth Magic
  1939 | D:2      | Reached XP level 4. HP: 24/24 MP: 7/7
  2038 | D:2      | Found a basalt altar of Yredelemnul.
  2039 | D:2      | Found a deep blue altar of Sif Muna.
  2334 | D:2      | Reached skill level 6 in Earth Magic
  2432 | D:2      | Found a glowing golden altar of the Shining One.
  2651 | D:3      | Found a stormy altar of Qazlal.
  2707 | D:3      | Reached XP level 5. HP: 22/28 MP: 5/8
  2767 | D:3      | Reached skill level 7 in Earth Magic
  2814 | D:3      | Noticed Grinder
  3073 | D:3      | Noticed Natasha
  3100 | D:3      | Reached XP level 6. HP: 32/32 MP: 2/9
  3210 | D:3      | Found a glowing drain.
  3223 | Sewer    | Entered a sewer
  3661 | Sewer    | Reached skill level 8 in Earth Magic
  3741 | Sewer    | Learned a level 5 spell: Lee's Rapid Deconstruction
  3780 | Sewer    | Found a white marble altar of Elyvilon.
  3790 | Sewer    | Gained mutation: Scrolls take you a little longer to read. [potion of mutation]
  3790 | Sewer    | Gained mutation: You are agile. (Dex +2) [potion of mutation]
  3966 | D:3      | Killed Grinder
  3966 | D:3      | Reached XP level 7. HP: 42/42 MP: 1/10
  4125 | D:3      | Noticed Terence
  4214 | D:3      | Killed Terence
  4245 | D:3      | Killed Natasha
  4385 | D:3      | Reached skill level 5 in Fighting
  4410 | D:3      | Found a runed door.
  4410 | D:3      | Found a glowing silver altar of Zin.
  4410 | D:3      | Noticed an angel
  4667 | D:3      | Found a runed door.
  4671 | D:3      | Noticed Crazy Yiuf
  4674 | D:3      | Killed Crazy Yiuf
  4674 | D:3      | Reached skill level 1 in Maces & Flails
  4795 | D:3      | Noticed Natasha
  4892 | D:3      | Killed Natasha
  5394 | D:4      | Reached XP level 8. HP: 49/49 MP: 6/11
  6525 | D:5      | Entered Level 5 of the Dungeon
  6864 | D:5      | Found Ama Vyll's Assorted Antiques.
  6867 | D:5      | Bought a scroll labeled NYACSEN ZEOK for 31 gold pieces
  6867 | D:5      | Bought a scroll of remove curse for 93 gold pieces
  6867 | D:5      | Bought a scroll labeled AMEILL ROYKHAW for 31 gold pieces
  6973 | D:5      | Reached skill level 9 in Earth Magic
  7126 | D:5      | Found Xacw's Food Emporium.
  7172 | D:5      | Found Miwel's Assorted Antiques.
  7237 | D:5      | Found Ciarph's Book Emporium.
  7327 | D:5      | Found a staircase to the Ecumenical Temple.
  7343 | Temple   | Entered the Ecumenical Temple
  7429 | Temple   | Became a worshipper of Vehumet
  7551 | D:5      | Reached skill level 10 in Earth Magic
  7602 | D:5      | Reached skill level 1 in Armour
  7787 | D:5      | Found Plog's Assorted Antiques.
  8154 | D:6      | Noticed Iflex's ghost (novice MfGl)
  8174 | D:6      | Killed Iflex's ghost
  8174 | D:6      | Reached skill level 5 in Armour
  8174 | D:6      | Reached XP level 9. HP: 40/54 MP: 1/12
  8595 | D:6      | Reached skill level 1 in Long Blades
  8666 | D:6      | Reached * piety under Vehumet
  8666 | D:6      | Offered knowledge of Flame Tongue by Vehumet.
  9175 | D:7      | Found a sand-covered staircase.
  9202 | Ossuary  | Entered an ossuary
  9226 | Ossuary  | Reached skill level 5 in Long Blades
  9645 | D:7      | Offered knowledge of Sting by Vehumet.
  9689 | D:7      | Reached ** piety under Vehumet
  9699 | D:7      | Reached XP level 10. HP: 37/59 MP: 8/13
  9723 | D:7      | Found an ancient bone altar of Kikubaaqudgha.
 10642 | D:8      | Noticed Erica
 10677 | D:8      | Killed Erica
 11015 | D:8      | Reached skill level 5 in Dodging
 11705 | D:8      | Noticed Grum
 11718 | D:8      | Killed Grum
 11723 | D:8      | Offered knowledge of Throw Flame by Vehumet.
 11750 | D:8      | Noticed Gastronok
 11810 | D:8      | Found a blossoming altar of Fedhas.
 11875 | D:8      | Killed Gastronok
 11875 | D:8      | Reached skill level 12 in Earth Magic
 11875 | D:8      | Reached XP level 11. HP: 42/64 MP: 2/14
 12490 | D:8      | Reached *** piety under Vehumet
 12874 | D:8      | Noticed a red ugly thing
 12878 | D:8      | Killed a red ugly thing
 13135 | D:9      | Offered knowledge of Dazzling Spray by Vehumet.
 13166 | D:9      | Found a staircase to the Lair.
 13383 | D:9      | Noticed a purple ugly thing
 13388 | D:9      | Killed a purple ugly thing
 13668 | D:5      | Bought a book of Flames for 385 gold pieces
 13672 | D:5      | Learned a level 3 spell: Conjure Flame
 13834 | D:9      | Reached skill level 1 in Fire Magic
 13844 | D:9      | Reached **** piety under Vehumet
 14386 | D:9      | Offered knowledge of Airstrike by Vehumet.
 14480 | D:10     | Entered Level 10 of the Dungeon
 14701 | D:10     | Killed an unseen horror
 14916 | D:10     | Reached skill level 5 in Fire Magic
 15006 | D:10     | Noticed FakerFangirl's ghost (journeyman DrFi)
 15212 | Lair:1   | Entered Level 1 of the Lair of Beasts
 15355 | Lair:1   | Got an ancient mace
 15356 | Lair:1   | Identified the cursed +3 mace of the Queen {crush, rF+ Dex+4 Stlth+} (You found it on level 1 of the Lair of Beasts)
 15365 | Lair:1   | Reached XP level 12. HP: 75/75 MP: 13/15
 15370 | Lair:1   | Learned a level 3 spell: Inner Flame
 15376 | Lair:1   | Identified Sif Muna's Guide on Moulding and the Compass
 15403 | Lair:1   | Reached skill level 5 in Maces & Flails
 15750 | Lair:1   | Noticed Inarius's ghost (journeyman DrVM)
 15761 | Lair:1   | Killed Inarius's ghost
 15938 | Lair:1   | Noticed a death yak
 16193 | Lair:1   | Upgraded the game from 0.20-b1-24-gb21faa7 to 0.20.0-1-g1cb1d84
 16235 | Lair:1   | Killed a death yak
 16731 | Lair:2   | Found a hole to the Spider Nest.
 17446 | Lair:2   | Reached ***** piety under Vehumet
 17593 | Lair:2   | Found a staircase to the Swamp.
 17672 | Lair:2   | Offered knowledge of Spellforged Servitor by Vehumet.
 19069 | Lair:2   | Reached skill level 5 in Spellcasting
 19387 | Lair:4   | Reached skill level 1 in Shields
 19586 | Lair:4   | Noticed an eight-headed hydra
 19592 | Lair:4   | Killed an eight-headed hydra
 19880 | Lair:4   | Reached XP level 13. HP: 79/79 MP: 21/21
 19995 | Lair:4   | Noticed Nessos
 20276 | Lair:4   | Reached skill level 5 in Shields
 20396 | Lair:4   | Reached skill level 13 in Earth Magic
 20514 | Lair:4   | Killed Nessos
 20740 | Lair:5   | Found a frozen archway.
 20847 | IceCv    | Entered an ice cave
 22548 | Lair:2   | Reached skill level 1 in Conjurations
 22571 | Lair:2   | Learned a level 2 spell: Passwall
 22736 | Lair:5   | Offered knowledge of Iskenderun's Battlesphere by Vehumet.
 23059 | Lair:4   | Reached skill level 5 in Conjurations
 23376 | Lair:5   | Found a viscous altar of Jiyva.
 23377 | Lair:5   | Found a staircase to the Slime Pits.
 23568 | Lair:6   | Entered Level 6 of the Lair of Beasts
 24477 | Lair:5   | Reached skill level 10 in Maces & Flails
 24781 | Lair:6   | Gained mutation: Your large and strong wings let you fly indefinitely. [Gargoyle growth]
 24781 | Lair:6   | Reached XP level 14. HP: 84/84 MP: 10/22
 25905 | Lair:6   | Offered knowledge of Bolt of Magma by Vehumet.
 25934 | Lair:6   | Learned a level 5 spell: Bolt of Magma
 27125 | Lair:6   | Slain by a polar bear

Skill      XL: |  1  2  3  4  5  6  7  8  9 10 11 12 13 14 |
---------------+-------------------------------------------+-----
Earth Magic    | 4 5 6 7 8 10 12 13 | 13.0
Fighting       | 3 5 6 8 |  8.5
Maces & Flails | 3 4 8 10 12 | 12.4
Armour         | 5 9 |  9.2
Dodging        | 3 6 |  6.0
Long Blades    | 6 |  6.2
Evocations     | 2 |  2.7
Fire Magic     | 5 |  5.7
Spellcasting   | 5 |  5.7
Shields        | 4 5 |  5.0
Conjurations   | 5 6 |  6.4
Stealth        | |  2.1
Transmutations | |  0.7

Action                   |  1- 3 |  4- 6 |  7- 9 | 10-12 | 13-15 || total
-------------------------+-------+-------+-------+-------+-------++-------
Melee: Unarmed           |     9 |       |       |       |       ||     9
       Club              |    92 |       |       |       |       ||    92
       Dagger            |    36 |    55 |       |       |       ||    91
       Flail             |       |    59 |   190 |       |       ||   249
       Mace              |       |       |   106 |   225 |   675 ||  1006
       Scimitar          |       |       |    98 |   270 |       ||   368
       Dire flail        |       |       |       |     9 |       ||     9
Throw: Tomahawk          |       |       |       |     6 |    36 ||    42
 Cast: Sandblast         |    22 |    32 |    85 |   175 |    15 ||   329
       Stone Arrow       |     1 |    10 |    23 |    22 |   137 ||   193
       Lee's Rapid Decon |       |       |     7 |    20 |    10 ||    37
       Conjure Flame     |       |       |       |     3 |    23 ||    26
       Passwall          |       |       |       |       |     3 ||     3
       Inner Flame       |       |       |       |       |     3 ||     3
       Bolt of Magma     |       |       |       |       |    20 ||    20
Evoke: Staff of energy   |       |       |       |     1 |       ||     1
       Wand              |       |       |       |     1 |     1 ||     2
  Use: Scroll            |     4 |       |    13 |    10 |     8 ||    35
       Potion            |       |     5 |     4 |     6 |     3 ||    18
 Stab: Sleeping          |     3 |     6 |     6 |     8 |       ||    23
       Distracted        |       |       |       |     2 |     1 ||     3
  Eat: Chunk             |     2 |     6 |    11 |    37 |    33 ||    89
       Royal jelly       |     1 |       |     1 |     1 |     1 ||     4
       Bread ration      |       |     1 |     3 |     1 |       ||     5
       Fruit             |       |       |       |       |     2 ||     2
Armor: Robe              |    41 |    47 |   101 |   130 |   287 ||   606
       Leather armour    |       |       |    57 |    58 |       ||   115
       Skin              |       |       |       |     4 |       ||     4
Dodge: Dodged            |   112 |    84 |   263 |   358 |   496 ||  1313
Block: Buckler           |       |       |       |     7 |   258 ||   265
       Rpst.: Scimitar   |       |       |    20 |    50 |       ||    70
